| TOP OF THE 1ST |
|
Louisiana State University Tigers batting - Pitching for University of Minnesota Golden Gophers : LHP Ryan Hancock
|
|
Pitching: LHP Ryan Hancock
|
|
|
Batting: LHB Elijah Mallandain
|
0-0: Swinging Strike 0-1: Foul Ball, location: 2F 0-2: Ball 1-2: Foul Ball, location: 2F 1-2: Ball 2-2: Ball 3-2: Fly out, F8 (Line Drive, 8LM, EV 90.0 MPH)
|
|
Batting: RHB Winston Vasquez
|
0-0: Called Strike 0-1: Ball 1-1: Ground out 5-3 (Groundball, 5S, EV 80.6 MPH)
|
|
Batting: RHB Pete Roberts
|
0-0: Ball 1-0: Foul Ball, location: 2F 1-1: Foul Ball, location: 2F 1-2: DOUBLE (Line Drive, 78XD, EV 108.1 MPH)
|
|
Batting: RHB D.J. Ganz
|
0-0: Called Strike 0-1: Ball 1-1: Called Strike 1-2: Foul Ball, location: 2F 1-2: Strikes out looking
|
| Top of the 1st over - 0 runs, 1 hit, 0 errors, 1 left on base; Louisiana State University 0 - University of Minnesota 0 |
| BOTTOM OF THE 1ST |
|
University of Minnesota Golden Gophers batting - Pitching for Louisiana State University Tigers : RHP Larry Donahue
|
|
Pitching: RHP Larry Donahue
|
|
|
Batting: RHB Tatsuyoshi Ikeda
|
0-0: Ball 1-0: Foul Ball, location: 2F 1-1: Ball 2-1: Foul Ball, location: 2F 2-2: Fly out, F9 (Line Drive, 89M, EV 95.6 MPH)
|
|
Batting: RHB Roy Evenden
|
0-0: Ball 1-0: Ball 2-0: Called Strike 2-1: Called Strike 2-2: Strikes out swinging
|
|
Batting: LHB Alex Villa
|
0-0: Fly out, F5 (Popup, 25F, EV 81.9 MPH)
|
| Bottom of the 1st over - 0 runs, 0 hits, 0 errors, 0 left on base; Louisiana State University 0 - University of Minnesota 0 |
| TOP OF THE 2ND |
|
Louisiana State University Tigers batting - Pitching for University of Minnesota Golden Gophers : LHP Ryan Hancock
|
|
Batting: RHB Keith Ashton
|
0-0: Called Strike 0-1: Ball 1-1: Called Strike 1-2: Foul Ball, location: 2F 1-2: Ball 2-2: Fly out, F8 (Flyball, 89M, EV 92.5 MPH)
|
|
Batting: LHB Matt Ellington
|
0-0: Called Strike 0-1: Swinging Strike 0-2: Ground out 4-3 (Groundball, 4, EV 84.4 MPH)
|
|
Batting: LHB Manny Grado
|
0-0: Foul Ball, location: 2F 0-1: Ball 1-1: Foul Ball, location: 2F 1-2: Fly out, F8 (Line Drive, 8RM, EV 88.1 MPH)
|
| Top of the 2nd over - 0 runs, 0 hits, 0 errors, 0 left on base; Louisiana State University 0 - University of Minnesota 0 |
| BOTTOM OF THE 2ND |
|
University of Minnesota Golden Gophers batting - Pitching for Louisiana State University Tigers : RHP Larry Donahue
|
|
Batting: LHB Jose Moncada
|
0-0: Ball 1-0: Swinging Strike 1-1: Ball 2-1: Ball 3-1: Fly out, F9 (Flyball, 9LM, EV 79.4 MPH)
|
|
Batting: RHB Jason Mooris
|
0-0: Ball 1-0: Ball 2-0: Called Strike 2-1: Ball 3-1: Called Strike 3-2: Foul Ball, location: 2F 3-2: Fly out, F7 (Flyball, 78M, EV 84.4 MPH)
|
|
Batting: RHB Ron Gooch
|
0-0: Ball 1-0: Ball 2-0: Ball 3-0: Foul Ball, location: 2F 3-1: Called Strike 3-2: Base on Balls
|
|
Batting: LHB Bobby Agterberg
|
0-0: Ball Wild Pitch! Ron Gooch to second 1-0: Ball 2-0: Foul Ball, location: 2F 2-1: Foul Ball, location: 2F 2-2: Strikes out swinging
|
| Bottom of the 2nd over - 0 runs, 0 hits, 0 errors, 1 left on base; Louisiana State University 0 - University of Minnesota 0 |
| TOP OF THE 3RD |
|
Louisiana State University Tigers batting - Pitching for University of Minnesota Golden Gophers : LHP Ryan Hancock
|
|
Batting: SHB Brian Caruso
|
0-0: Called Strike 0-1: Foul Ball, location: 2F 0-2: Strikes out swinging
|
|
Batting: RHB Byung-hee Jee
|
0-0: Ball 1-0: Foul Ball, location: 2F 1-1: Ground out 5-3 (Groundball, 56, EV 108.1 MPH)
|
|
Batting: LHB Elijah Mallandain
|
0-0: Ball 1-0: Ball 2-0: Swinging Strike 2-1: Ball 3-1: Swinging Strike 3-2: Strikes out swinging, 2-3 out at first.
|
| Top of the 3rd over - 0 runs, 0 hits, 0 errors, 0 left on base; Louisiana State University 0 - University of Minnesota 0 |
| BOTTOM OF THE 3RD |
|
University of Minnesota Golden Gophers batting - Pitching for Louisiana State University Tigers : RHP Larry Donahue
|
|
Batting: LHB Ivan Villegas
|
0-0: Called Strike 0-1: Ball 1-1: Foul Ball, location: 2F 1-2: Ball 2-2: Ball 3-2: Ground out 4-3 (Groundball, 34, EV 100.0 MPH)
|
|
Batting: LHB Phil Bonner
|
0-0: Called Strike 0-1: Called Strike 0-2: Strikes out swinging
|
|
Batting: RHB Tatsuyoshi Ikeda
|
0-0: Called Strike 0-1: Ball 1-1: Foul Ball, location: 2F 1-2: Ball 2-2: Ball 3-2: Base on Balls
|
|
Batting: RHB Roy Evenden
|
0-0: Ball 1-0: Called Strike 1-1: Foul Ball, location: 2F 1-2: Strikes out swinging
|
| Bottom of the 3rd over - 0 runs, 0 hits, 0 errors, 1 left on base; Louisiana State University 0 - University of Minnesota 0 |
| TOP OF THE 4TH |
|
Louisiana State University Tigers batting - Pitching for University of Minnesota Golden Gophers : LHP Ryan Hancock
|
|
Batting: RHB Winston Vasquez
|
0-0: Swinging Strike 0-1: Ball 1-1: Ball 2-1: Foul Ball, location: 2F 2-2: Foul Ball, location: 2F 2-2: Strikes out swinging
|
|
Batting: RHB Pete Roberts
|
0-0: Ball 1-0: Ball 2-0: SINGLE (Groundball, 3D, EV 106.9 MPH)
|
|
Batting: RHB D.J. Ganz
|
0-0: Ball 1-0: Called Strike 1-1: DOUBLE (Flyball, 89D, EV 94.4 MPH) Pete Roberts to third
|
|
Batting: RHB Keith Ashton
|
0-0: Called Strike 0-1: Called Strike 0-2: Ball 1-2: Ground out U3 (Groundball, 34, EV 83.8 MPH) Pete Roberts scores D.J. Ganz to third
|
|
Batting: LHB Matt Ellington
|
0-0: Called Strike 0-1: Ball 1-1: Called Strike 1-2: Foul Ball, location: 2F 1-2: Ball 2-2: Fly out, F7 (Flyball, 7, EV 87.5 MPH)
|
| Top of the 4th over - 1 run, 2 hits, 0 errors, 1 left on base; Louisiana State University 1 - University of Minnesota 0 |
| BOTTOM OF THE 4TH |
|
University of Minnesota Golden Gophers batting - Pitching for Louisiana State University Tigers : RHP Larry Donahue
|
|
Batting: LHB Alex Villa
|
0-0: Foul Ball, location: 2F 0-1: Foul Ball, location: 2F 0-2: Strikes out swinging
|
|
Batting: LHB Jose Moncada
|
0-0: Ball 1-0: Ball 2-0: Called Strike 2-1: Foul Ball, location: 2F 2-2: Foul Ball, location: 2F 2-2: Foul Ball, location: 2F 2-2: Strikes out swinging
|
|
Batting: RHB Jason Mooris
|
0-0: Swinging Strike 0-1: Foul Ball, location: 2F 0-2: Strikes out swinging
|
| Bottom of the 4th over - 0 runs, 0 hits, 0 errors, 0 left on base; Louisiana State University 1 - University of Minnesota 0 |
| TOP OF THE 5TH |
|
Louisiana State University Tigers batting - Pitching for University of Minnesota Golden Gophers : LHP Ryan Hancock
|
|
Batting: LHB Manny Grado
|
0-0: Ball 1-0: Called Strike 1-1: Fly out, F7 (Flyball, 78S, EV 88.8 MPH)
|
|
Batting: SHB Brian Caruso
|
0-0: Fly out, F9 (Flyball, 9LS, EV 94.4 MPH)
|
|
Batting: RHB Byung-hee Jee
|
0-0: Ball 1-0: Swinging Strike 1-1: Ball 2-1: Swinging Strike 2-2: Ball 3-2: Strikes out swinging
|
| Top of the 5th over - 0 runs, 0 hits, 0 errors, 0 left on base; Louisiana State University 1 - University of Minnesota 0 |
| BOTTOM OF THE 5TH |
|
University of Minnesota Golden Gophers batting - Pitching for Louisiana State University Tigers : RHP Larry Donahue
|
|
Batting: RHB Ron Gooch
|
0-0: Ball 1-0: Ball 2-0: SINGLE (Groundball, 34S, EV 71.2 MPH) (infield hit)
|
|
Batting: LHB Bobby Agterberg
|
0-0: Ball 1-0: Ball 2-0: Ball 3-0: Called Strike 3-1: Swinging Strike 3-2: Strikes out looking
|
|
Pitching: RHP Isaiah Keys
|
|
|
Batting: LHB Ivan Villegas
|
0-0: Foul Ball, location: 2F 0-1: Grounds out, U3 (Groundball, 3L, EV 90.0 MPH)
|
|
Batting: LHB Phil Bonner
|
0-0: Ball 1-0: Ball 2-0: Called Strike 2-1: Foul Ball, location: 2F 2-2: Strikes out swinging
|
| Bottom of the 5th over - 0 runs, 1 hit, 0 errors, 1 left on base; Louisiana State University 1 - University of Minnesota 0 |
| TOP OF THE 6TH |
|
Louisiana State University Tigers batting - Pitching for University of Minnesota Golden Gophers : LHP Ryan Hancock
|
|
Pitching: RHP Jason Jacobs
|
|
|
Batting: LHB Elijah Mallandain
|
0-0: Called Strike 0-1: Ball 1-1: Called Strike 1-2: Ball 2-2: Strikes out looking
|
|
Batting: RHB Winston Vasquez
|
0-0: Called Strike 0-1: Ball 1-1: Foul Ball, location: 2F 1-2: Ball 2-2: Foul Ball, location: 2F 2-2: Ball 3-2: SINGLE (Groundball, 56D, EV 86.2 MPH) (infield hit)
|
|
Batting: RHB Pete Roberts
|
0-0: Called Strike 0-1: Grounds out, U3 (Groundball, 3L, EV 90.0 MPH)
|
|
Pitching: RHP Enakai Moritiica
|
|
|
Batting: RHB D.J. Ganz
|
0-0: Ball 1-0: SINGLE (Line Drive, 89S, EV 91.2 MPH) Winston Vasquez to third
|
|
Batting: RHB Keith Ashton
|
0-0: Ball 1-0: Swinging Strike 1-1: SINGLE (Groundball, 6S, EV 96.2 MPH) Winston Vasquez scores D.J. Ganz to second
|
|
Batting: LHB Matt Ellington
|
0-0: Ball 1-0: Ball 2-0: Ball 3-0: Base on Balls D.J. Ganz to third Keith Ashton to second
|
|
Batting: LHB Manny Grado
|
0-0: Ball 1-0: Foul Ball, location: 2F 1-1: Swinging Strike 1-2: Strikes out looking
|
| Top of the 6th over - 1 run, 3 hits, 0 errors, 3 left on base; Louisiana State University 2 - University of Minnesota 0 |
| BOTTOM OF THE 6TH |
|
University of Minnesota Golden Gophers batting - Pitching for Louisiana State University Tigers : RHP Isaiah Keys
|
|
Batting: RHB Tatsuyoshi Ikeda
|
0-0: Ball 1-0: Called Strike 1-1: Called Strike 1-2: Ball 2-2: Strikes out swinging
|
|
Batting: RHB Roy Evenden
|
0-0: Foul Ball, location: 2F 0-1: Called Strike 0-2: Ball 1-2: Foul Ball, location: 2F 1-2: Ball 2-2: Ball 3-2: Strikes out looking
|
|
Batting: LHB Alex Villa
|
0-0: Ball 1-0: Called Strike 1-1: Foul Ball, location: 2F 1-2: Ball 2-2: Strikes out swinging
|
| Bottom of the 6th over - 0 runs, 0 hits, 0 errors, 0 left on base; Louisiana State University 2 - University of Minnesota 0 |
| TOP OF THE 7TH |
|
Louisiana State University Tigers batting - Pitching for University of Minnesota Golden Gophers : RHP Enakai Moritiica
|
|
Batting: SHB Brian Caruso
|
0-0: Called Strike 0-1: Ball 1-1: Foul Ball, location: 2F 1-2: Foul Ball, location: 2F 1-2: Ball 2-2: Ball 3-2: Foul Ball, location: 2F 3-2: Base on Balls
|
|
Batting: RHB Byung-hee Jee
|
0-0: Bunt missed! 0-1: Bunt missed! 0-2: Fly out, F8 (Flyball, 8RD, EV 100.0 MPH)
|
|
Batting: LHB Elijah Mallandain
|
0-0: Ball 1-0: Ball 2-0: Called Strike 2-1: Ball 3-1: Called Strike 3-2: Fly out, F7 (Flyball, 7LD, EV 81.9 MPH)
|
|
Batting: RHB Winston Vasquez
|
0-0: Called Strike 0-1: Ball 1-1: SINGLE (Groundball, 56, EV 102.5 MPH) Brian Caruso to second
|
|
Batting: RHB Pete Roberts
|
0-0: Ball 1-0: Foul Ball, location: 2F 1-1: Ball 2-1: Foul Ball, location: 2F 2-2: Strikes out looking
|
| Top of the 7th over - 0 runs, 1 hit, 0 errors, 2 left on base; Louisiana State University 2 - University of Minnesota 0 |
| BOTTOM OF THE 7TH |
|
University of Minnesota Golden Gophers batting - Pitching for Louisiana State University Tigers : RHP Isaiah Keys
|
|
Pitching: LHP Luis Sandoval
|
|
|
Batting: LHB Jose Moncada
|
0-0: Ball 1-0: Called Strike 1-1: Fly out, F8 (Flyball, 8RD, EV 93.8 MPH)
|
|
Batting: RHB Jason Mooris
|
0-0: Foul Ball, location: 2F 0-1: Ball 1-1: Ground out 1-3 (Groundball, 13, EV 71.2 MPH)
|
|
Batting: RHB Ron Gooch
|
0-0: Ball 1-0: Foul Ball, location: 2F 1-1: Foul Ball, location: 2F 1-2: Fly out, F8 (Line Drive, 89M, EV 92.5 MPH)
|
| Bottom of the 7th over - 0 runs, 0 hits, 0 errors, 0 left on base; Louisiana State University 2 - University of Minnesota 0 |
| TOP OF THE 8TH |
|
Louisiana State University Tigers batting - Pitching for University of Minnesota Golden Gophers : RHP Enakai Moritiica
|
|
Pitching: RHP Frank McCarthy
|
|
|
Batting: RHB Stewart Walker
|
0-0: Ball 1-0: Ball 2-0: Ball 3-0: SINGLE (Groundball, 34, EV 98.1 MPH)
|
|
Batting: RHB Keith Ashton
|
0-0: Called Strike Stewart Walker steals 2nd base 0-1: Ball 1-1: Foul Ball, location: 2F 1-2: Foul Ball, location: 2F 1-2: Ground out 3-1 (Groundball, 34, EV 90.6 MPH) Stewart Walker to third
|
|
Batting: LHB Matt Ellington
|
0-0: Swinging Strike 0-1: Called Strike 0-2: Ball 1-2: Foul Ball, location: 2F 1-2: Ball 2-2: Ball 3-2: Strikes out swinging
|
|
Batting: LHB Manny Grado
|
0-0: Ball 1-0: Foul Ball, location: 2F 1-1: Called Strike 1-2: Foul Ball, location: 2F 1-2: SINGLE (Line Drive, 89M, EV 86.9 MPH) Stewart Walker scores
|
|
Batting: SHB Brian Caruso
|
0-0: Called Strike 0-1: Foul Ball, location: 2F 0-2: Foul Ball, location: 2F 0-2: Ball 1-2: SINGLE (Line Drive, 6D, EV 106.2 MPH) Manny Grado to second
|
|
Batting: RHB Byung-hee Jee
|
0-0: Ball 1-0: Ball 2-0: Called Strike 2-1: Swinging Strike 2-2: Ball 3-2: Ground out 4-3 (Groundball, 4M, EV 103.1 MPH)
|
| Top of the 8th over - 1 run, 3 hits, 0 errors, 2 left on base; Louisiana State University 3 - University of Minnesota 0 |
| BOTTOM OF THE 8TH |
|
University of Minnesota Golden Gophers batting - Pitching for Louisiana State University Tigers : LHP Luis Sandoval
|
|
Pitching: RHP Michael Koppers
|
|
|
Batting: LHB Bobby Agterberg
|
0-0: Called Strike 0-1: Ball 1-1: Ball 2-1: Swinging Strike 2-2: Ball 3-2: Strikes out looking
|
|
Batting: LHB Ivan Villegas
|
0-0: Ball 1-0: Ball 2-0: Called Strike 2-1: Ball 3-1: Swinging Strike 3-2: Base on Balls
|
|
Batting: LHB Phil Bonner
|
0-0: Ball 1-0: Swinging Strike 1-1: Foul Ball, location: 2F 1-2: Fly out, F9 (Flyball, 9D, EV 100.6 MPH)
|
|
Batting: RHB Tatsuyoshi Ikeda
|
0-0: SINGLE (Groundball, 56D, EV 95.0 MPH) Ivan Villegas to second
|
|
Batting: RHB Roy Evenden
|
0-0: Foul Ball, location: 2F 0-1: Swinging Strike 0-2: Foul Ball, location: 2F 0-2: Strikes out swinging
|
| Bottom of the 8th over - 0 runs, 1 hit, 0 errors, 2 left on base; Louisiana State University 3 - University of Minnesota 0 |
| TOP OF THE 9TH |
|
Louisiana State University Tigers batting - Pitching for University of Minnesota Golden Gophers : RHP Frank McCarthy
|
|
Pitching: RHP Dan Lupo
|
|
|
Batting: LHB Elijah Mallandain
|
0-0: Called Strike 0-1: Called Strike 0-2: Ball 1-2: Strikes out swinging
|
|
Batting: RHB Winston Vasquez
|
0-0: Foul Ball, location: 2F 0-1: Swinging Strike 0-2: Ball 1-2: Ball 2-2: Foul Ball, location: 2F 2-2: Strikes out looking
|
|
Batting: RHB Pete Roberts
|
0-0: Ball 1-0: Fly out, F4 (Popup, 4S, EV 73.1 MPH)
|
| Top of the 9th over - 0 runs, 0 hits, 0 errors, 0 left on base; Louisiana State University 3 - University of Minnesota 0 |
| BOTTOM OF THE 9TH |
|
University of Minnesota Golden Gophers batting - Pitching for Louisiana State University Tigers : RHP Michael Koppers
|
|
Pitching: LHP Clyde Fisher
|
|
|
Batting: LHB Alex Villa
|
0-0: Called Strike 0-1: Ball 1-1: Fly out, F7 (Flyball, 7, EV 95.0 MPH)
|
|
Batting: LHB Jose Moncada
|
0-0: Fly out, F7 (Flyball, 7S, EV 83.8 MPH)
|
|
Batting: RHB Jason Mooris
|
0-0: Called Strike 0-1: Foul Ball, location: 2F 0-2: Ball 1-2: Strikes out swinging
|
| Bottom of the 9th over - 0 runs, 0 hits, 0 errors, 0 left on base; Louisiana State University 3 - University of Minnesota 0 |
|